Map: Site Delta LE

Players

Subwayeatn - Winner!

  • Race: Zerg Zerg
  • League: Platinum
  • Spawn Location: 5:00

CattleBruzer

  • Race: Terran Terran
  • League: Diamond
  • Spawn Location: 11:00

VOD

Have the link to the VOD?

Description

Time

  • Played on: Oct. 19, 2023, 10:06 p.m.
  • Length: 11:17
Show
View Real Time Build Order
Export as new Build Order

Subwayeatn Zerg - Winner!

Build Orders: Pool First 

Get SALT Encoding   

  12  0:17  Spawning Pool  
  11  0:25  Drone  
  11  0:26  Drone  
  13  0:31  Drone  
  14  0:40  Overlord  
  14  1:09  Hatchery  
  14  1:10  Zergling x2  
  14  1:14  Zergling x2  
  14  1:15  Zergling x2  
  16  1:21  Zergling x2  
  17  1:32  Zergling x2  
  18  1:41  Queen  
  20  2:21  Queen  
  22  2:23  Drone x4  
  26  2:35  Drone x2  
  28  2:40  Extractor  
  28  2:42  Overlord  
  27  3:06  Drone x5  
  27  3:07  Drone  
  27  3:08  Hatchery  
  32  3:14  Overlord  
  32  3:21  Overlord  
  32  3:29  Drone x3  
  33  3:56  Drone x5  
  33  3:59  Drone x2  
  40  4:02  Metabolic Boost  
  40  4:13  Extractor  
  39  4:17  Drone  
  39  4:18  Baneling Nest  
  39  4:19  Drone x2  
  39  4:20  Drone  
  42  4:25  Drone x4  
  42  4:27  Queen  
  48  4:34  Queen  
  48  4:38  Overlord  
  50  4:45  Zergling x2  
  51  4:46  Zergling x14  
  51  4:50  Extractor  
  51  4:51  Extractor  
  56  5:02  Baneling x4  
  56  5:03  Baneling  
  56  5:10  Drone x3  
  56  5:11  Drone x3  
  56  5:12  Drone  
  57  5:37  Lair  
  57  5:38  Pneumatized Carapace  
  57  5:40  Drone x4  
  57  5:41  Drone x4  
  65  5:47  Overlord x4  
  65  5:48  Overlord  
  65  6:01  Spine Crawler  
  64  6:09  Spine Crawler  
  64  6:11  Zergling x22  
  64  6:17  Spine Crawler  
  73  6:20  Baneling  
  73  6:21  Baneling x5  
  73  6:24  Overlord  
  73  6:32  Queen  
  75  6:57  Spire  
  67  7:14  Drone x14, Extractor  
  67  7:15  Drone x2  
  82  7:16  Extractor  
  81  7:24  Centrifugal Hooks  
  81  7:25  Drone x2, Evolution Chamber  
  81  7:26  Drone  
  81  7:29  Overlord x3  
  83  7:43  Drone  
  84  7:50  Baneling x6  
  84  7:56  Zerg Ground Armor Level 1  
  84  8:06  Overlord  
  84  8:09  Zerg Flyer Armor Level 1  
  84  8:10  Mutalisk x6  
  84  8:11  Mutalisk x4  
  104  8:14  Zergling x6  
  104  8:15  Zergling x6  
  110  8:25  Hydralisk Den  
  109  8:27  Drone  
  109  8:28  Drone  
  111  8:41  Hatchery  
  111  8:42  Extractor  
  111  8:44  Extractor  
  108  8:59  Lurker Den  
  107  9:06  Drone x3  
  107  9:07  Drone x3  
  107  9:08  Overseer  
  113  9:16  Mutalisk  
  112  9:17  Mutalisk x7  
  123  9:45  Zergling x12  
  125  9:46  Zergling x2  
  128  9:53  Mutalisk  
  128  9:54  Mutalisk x6  
  128  9:57  Zergling x2  
  128  9:58  Zergling x4  
  128  9:59  Overlord  
  145  10:01  Overseer  
  130  10:27  Zergling x2  
  130  10:28  Zergling x24  
Show
View Real Time Build Order
Export as new Build Order

CattleBruzer Terran 

Build Orders: Mech 

Get SALT Encoding   

  12  0:03  SCV  
  13  0:15  SCV  
  13  0:20  Supply Depot  
  14  0:27  SCV  
  15  0:41  SCV  
  16  0:43  Barracks  
  16  0:46  Refinery  
  16  0:53  SCV  
  17  1:05  SCV  
  18  1:18  SCV  
  19  1:30  SCV  
  20  1:33  Barracks Reactor  
  20  1:35  Command Center  
  20  1:42  SCV  
  22  1:54  SCV  
  22  1:58  Supply Depot  
  22  2:06  Orbital Command  
  22  2:10  Marine  
  22  2:11  Marine  
  23  2:19  Command Center  
  23  2:28  Marine  
  23  2:29  Marine  
  25  2:45  Marine  
  25  2:46  Factory  
  25  2:47  Marine  
  27  2:55  Supply Depot  
  27  2:58  SCV  
  28  3:03  Marine  
  28  3:04  Marine  
  30  3:16  SCV  
  31  3:20  Refinery  
  31  3:21  Marine  
  31  3:22  Marine  
  33  3:28  SCV  
  33  3:29  Factory Tech Lab  
  33  3:31  Starport  
  34  3:39  Marine  
  34  3:40  Marine  
  36  3:51  Orbital Command  
  36  3:57  SCV  
  36  4:01  Siege Tank  
  36  4:02  Marine x2  
  42  4:04  Barracks  
  42  4:09  SCV  
  43  4:15  Starport Reactor  
  43  4:21  Supply Depot, SCV x2  
  43  4:23  Marine  
  46  4:24  Supply Depot  
  46  4:33  SCV x2  
  46  4:35  Siege Tank  
  51  4:44  Supply Depot  
  51  4:56  SCV x2  
  51  4:59  Supply Depot  
  53  5:00  Medivac x2  
  53  5:04  Barracks Tech Lab  
  53  5:05  Marine x2  
  59  5:10  Supply Depot, SCV x2  
  60  5:28  Marine  
  58  5:34  Stimpack  
  58  5:38  SCV  
  58  5:39  SCV  
  58  5:41  Refinery  
  60  5:44  Refinery  
  60  5:50  SCV  
  60  5:51  SCV  
  62  5:57  Siege Tank  
  62  6:03  SCV  
  66  6:05  Marine x3  
  66  6:07  Command Center  
  66  6:11  Bunker, SCV  
  70  6:15  SCV  
  71  6:23  SCV, Marine  
  73  6:25  Engineering Bay  
  73  6:27  Medivac, SCV  
  73  6:28  Medivac  
  73  6:30  Siege Tank  
  71  7:08  SCV  
  71  7:13  Supply Depot  
  71  7:14  SCV  
  73  7:20  SCV  
  73  7:21  Factory  
  73  7:22  Factory  
  74  7:24  Factory  
  74  7:25  Orbital Command  
  74  7:26  SCV  
  74  7:29  Command Center  
  75  7:31  Marine x3  
  75  7:32  Combat Shield, Missile Turret  
  75  7:33  SCV  
  75  7:36  Supply Depot  
  79  7:38  SCV  
  80  7:45  SCV  
  80  7:50  Supply Depot, SCV  
  82  7:51  Marine x3  
  82  7:53  Supply Depot  
  82  7:54  Supply Depot  
  82  7:57  SCV x2  
  87  8:00  Armory, Supply Depot  
  87  8:02  Armory, SCV  
  88  8:06  Factory Tech Lab  
  88  8:07  Factory Tech Lab  
  88  8:09  Factory Tech Lab, SCV x2  
  90  8:14  SCV  
  90  8:17  Marine x3  
  94  8:22  Supply Depot  
  94  8:23  Infernal Pre-Igniter  
  94  8:25  SCV  
  94  8:26  SCV  
  96  8:33  Hellion x3  
  96  8:34  Hellion  
  104  8:40  SCV x2  
  106  8:42  Marine x3  
  106  8:45  Orbital Command  
  106  8:47  Supply Depot  
  109  8:51  Medivac x2  
  109  8:55  Terran Vehicle Weapons Level 1  
  113  8:56  Terran Vehicle And Ship Armor Level 1  
  113  8:59  SCV x2  
  113  9:02  Starport  
  115  9:26  Viking x2  
  115  9:28  Orbital Command  
  115  9:29  Hellion x4  
  114  9:50  Hellion  
  116  9:53  Starport Tech Lab  
  116  9:57  Cyclone x3  
  122  10:11  Cyclone  
  104  10:24  Marine x2  
  104  10:25  Missile Turret, Marine  
  104  10:27  Missile Turret x2  
  105  10:29  Cyclone x3, Missile Turret  
  108  10:42  Marine x2  
Tags
 
Composition
Mech
Matchup
TvZ
Opening
Pool First
Replay Pack
Multiplayer
Spawn Locations
Cross Positions
Add a new tag
Caveats
  • Supply blocks, unpowered buildings, or Contaminate may cause inaccurate times.
  • Supply counts are checked every 10 seconds.